 Dungeon Crawl Stone Soup version 0.29-a0-268-g5627465c62 (webtiles) character file.

Game seed: 11471337532384350689

53 Morbidden the Skirmisher (level 3, 0/43 HPs)
             Began as a Demonspawn Fighter on Mar 7, 2022.
             Slain by a goblin
             ... wielding a +0 dagger
             ... led by Robin
              (1 damage)
             ... on level 2 of the Dungeon.
             The game lasted 00:01:57 (1321 turns).

Morbidden the Skirmisher (Demonspawn Fighter)       Turns: 1321, Time: 00:01:58

Health: 0/43       AC: 21    Str: 18    XL:     3   Next: 64%
Magic:  3/3        EV:  2    Int:  9    God:
Gold:   126        SH:  4    Dex: 12    Spells: 2/2 levels left

rFire   . . .      SeeInvis .   a - +0 long sword
rCold   . . .      Faith    .   c - +0 buckler
rNeg    . . .      Spirit   .   (body armour currently unavailable)
rPois   +          Reflect  .   (helmet currently unavailable)
rElec   .          Harm     .   (cloak currently unavailable)
rCorr   .          Rampage  .   (gloves currently unavailable)
Will    .....      NoTele   +   (boots currently unavailable)
Stlth   ..........              (no amulet)
HPRegen 0.14/turn               (no ring)
MPRegen 0.08/turn               (no ring)

@: mighty, tree-form, silenced, weak-willed
A: stationary, stasis, torment immunity, boosted hp, powered by pain 1
a: no special abilities


You were on level 2 of the Dungeon.
You were a tree.
You visited 1 branch of the dungeon, and saw 2 of its levels.

You collected 152 gold pieces.
You spent 26 gold pieces at shops.

Inventory:

Hand Weapons
 a - a +0 long sword (weapon)
Missiles
 f - 4 curare-tipped darts (quivered)
Armour
 b - a +0 scale mail (melded)
 c - a +0 buckler (worn)
Scrolls
 j - a scroll of noise {unknown}
 k - a scroll of fear {unknown}
 l - a scroll of immolation {unknown}
Potions
 e - a potion of lignification


   Skills:
 * Level 3.4 Fighting
 * Level 2.4 Long Blades
 + Level 3.1 Armour
 * Level 1.2 Dodging
 + Level 2.8 Shields


You had 2 spell levels left.
You didn't know any spells.
Your spell library contained the following spells:

 Spells                   Type           Power      Damage    Failure   Level
 Ozocubu's Armour         Ice            0%         N/A       85%         3
 Alistair's Intoxication  Tmut/Pois      0%         N/A       100%        5
 Borgnjor's Vile Clutch   Necr/Erth      0%         N/A       100%        5
 Metabolic Englaciation   Hex/Ice        0%         N/A       100%        5
 Eringya's Noxious Bog    Tmut/Pois      0%         N/A       100%        6
 Simulacrum               Ice/Necr       0%         N/A       100%        6


Dungeon Overview and Level Annotations

Branches:
Dungeon (2/15)

Altars:

Shops:
D:1 (

Annotations:
D:2 Robin


Innate Abilities, Weirdness & Mutations

You are a tree.
Your roots penetrate the ground, keeping you stationary.
You cannot be teleported.
You are immune to unholy pain and torment.
Your maximum health is greatly increased.
Your equipment is partially melded.
You sometimes gain a little power by taking damage.


Message History

You feel a strange sense of stasis.
It was a scroll of teleportation.
The goblin hits you but does no damage. x3
The hobgoblin hits you but does no damage.
The goblin hits you but does no damage.
Unknown command.
As you read the scroll labelled KUDOUWK HUSADGH, it crumbles to dust.
Magic quickly surges around you.
It was a scroll of vulnerability.
The goblin hits you but does no damage. x3; The hobgoblin hits you.
* * * LOW HITPOINT WARNING * * *
You block the goblin's attack.
Unknown command.
As you read the scroll labelled WUPRIC GOUHU, it crumbles to dust.
A profound silence engulfs you.
It was a scroll of silence.
The goblin no longer looks unusually strong.
The goblin completely misses you. You block the goblin's attack.
The goblin completely misses you. You block the goblin's attack.
The hobgoblin hits you but does no damage.
Unknown command.
Unknown command.
Unknown command.
You slash the goblin!
You kill the goblin!
The hobgoblin no longer looks unusually strong.
The goblin hits you but does no damage. You block the goblin's attack.
The goblin hits you but does no damage.
Unknown command.
Unknown command.
You closely miss the goblin.
The goblin no longer looks unusually strong. x3
The goblin hits you but does no damage. x2
The hobgoblin hits you but does no damage.
The goblin hits you but does no damage. x2
Unknown command.
Unknown command.
You slash the goblin!
You kill the goblin!
The goblin no longer looks unusually strong.
Robin throws the goblin at you! The goblin hits you but does no damage.
The goblin hits you with a +0 dagger.
You die...

.# .# ...# ## .### >..#
#. ...# #..##.
##.######## ..##J.#.
#......... ..#g..#
##.######## ..#g.g#
.....# #.#ggg# ####.##
#.#♣g# #
##...########.#gg##.###
#.#....................
##.#.########....######
##.## #.......... ###
##.<.##### #...#
######## #...# .......#
#####...#


You could see Robin (weak-willed), an endoplasm (weak-willed), a hobgoblin
(weak-willed) and 7 goblins.

Vanquished Creatures
  An adder (D:2)
  A dart slug (D:1)
  5 bats
  4 endoplasms (D:1)
  A giant cockroach (D:1)
  8 goblins
  3 hobgoblins
  5 ball pythons (D:1)
  A frilled lizard (D:1)
  14 rats (D:1)
43 creatures vanquished.

Notes
Turn   | Place    | Note
-------+----------+-------------------------------------------
     0 | D:1      | Morbidden the Demonspawn Fighter began the quest for the
                  | Orb.
     0 | D:1      | Reached XP level 1. HP: 18/18 MP: 1/1
    86 | D:1      | Found Dotzeuz's Weapon Emporium.
   105 | D:1      | Bought 4 curare-tipped darts for 26 gold pieces
   207 | D:1      | Gained mutation: You sometimes gain a little power by
                  | taking damage. [demonic ancestry]
   207 | D:1      | Reached XP level 2. HP: 24/24 MP: 2/2
   570 | D:1      | Reached XP level 3. HP: 29/29 MP: 3/3
  1197 | D:2      | Reached skill level 1 in Dodging
  1304 | D:2      | Noticed Robin
  1317 | D:2      | HP: 1/43 [hobgoblin[Robin] (4)]
  1321 | D:2      | Slain by a goblin

Illustrated notes

Levels and vault maps discovered:
D:1:      dpeg_arrival_ratfight, layout_loops_ring, serial_shops,
          nicolae_shop_crystal, chequers_serial_rivers_micro_d
D:2:      layout_loops_ring, uniq_robin

Skill      XL: |  1  2  3 |
---------------+----------+-----
Armour         | 3 |  3.1
Long Blades    | 2 |  2.4
Dodging        | 1 |  1.2
Fighting       | |  3.4
Shields        | |  2.8

Action                   || total
-------------------------++-------
Melee: Long sword        ||   103
  Use: Scroll            ||     3
       Potion            ||     2
Armor: Scale mail        ||    43
       Skin              ||    47
Dodge: Dodged            ||    45
Block: Buckler           ||    26

Table legend: (Time is in decaauts)
 A = Elapsed time spent in this place.
 B = Non-inter-level travel time spent in this place.
 C = Inter-level travel time spent in this place.
 D = Time resting spent in this place.
 E = Time spent auto-exploring this place.
 F = Levels seen in this place.
 G = Mean time per level.
                   A        B        C        D        E       F      G
               +--------+--------+--------+--------+--------+-----+--------+
         Total |   1355 |   1322 |     33 |      2 |   1068 |   2 |  677.5 |
       Dungeon |   1355 |   1322 |     33 |      2 |   1068 |   2 |  677.5 |
               +--------+--------+--------+--------+--------+-----+--------+

Top non-repeatable levels by time:
     D:1: 992 daAuts
     D:2: 363 daAuts
